 Dungeon Crawl Stone Soup version 0.28.0 (webtiles) character file.

Game seed: 5767812770914121322

9 wakim the Insei (level 2, -1/18 HPs)
             Began as an Octopode Transmuter on Feb 11, 2022.
             Slain by a quokka (5 damage)
             ... on level 2 of the Dungeon.
             The game lasted 00:01:42 (352 turns).

wakim the Insei (Octopode Transmuter)                Turns: 352, Time: 00:01:43

Health: -1/18      AC:  1    Str:  9    XL:     2   Next: 16%
Magic:  4/5        EV: 13    Int: 15    God:
Gold:   16         SH:  0    Dex: 12    Spells: 4/5 levels left

rFire   . . .      SeeInvis .     - Unarmed
rCold   . . .      Faith    .   (no shield)
rNeg    . . .      Spirit   .   (helmet currently unavailable)
rPois   .          Reflect  .   (no amulet)
rElec   .          Harm     .   (no ring)
rCorr   .          Rampage  .   (no ring)
Will    .....                   (no ring)
Stlth   +++.......              (no ring)
HPRegen 0.06/turn               (no ring)
MPRegen 0.09/turn               (no ring)
                                (no ring)
                                (no ring)

@: appendages
A: tentacle spike 3, almost no armour, amphibious, 8 rings, camouflage 1,
gelatinous body 1, (nimble swimmer 1), tentacles
a: End Transformation


You were on level 2 of the Dungeon.
One of your tentacles had grown a beastly spike.
You visited 1 branch of the dungeon, and saw 2 of its levels.

You collected 16 gold pieces.

Inventory:

Potions
 a - a potion of lignification {unknown}


   Skills:
 - Level 1.0 Fighting
 - Level 2.0 Dodging
 * Level 2.1 Stealth
 + Level 3.2 Unarmed Combat
 - Level 2.0 Spellcasting
 - Level 2.0 Transmutations


You had 4 spell levels left.
You knew the following spells:

 Your Spells              Type           Power      Damage    Failure   Level
a - Beastly Appendage     Tmut           14%        N/A       10%         1

Your spell library contained the following spells:

 Spells                   Type           Power      Damage    Failure   Level
 Wereblood                Tmut           7%         N/A       14%         2
 Spider Form              Tmut/Pois      4%         N/A       41%         3
 Ice Form                 Ice/Tmut       4%         N/A       82%         4


Dungeon Overview and Level Annotations

Branches:
Dungeon (1/15)

Altars:

Shops:
D:1 *


Innate Abilities, Weirdness & Mutations

One of your tentacles has grown a beastly spike.
You cannot wear most types of armour.
You are amphibious.
You can wear up to eight rings at the same time.
Your skin changes colour to match your surroundings (Stealth+).
Your rubbery body absorbs attacks. (AC +1, EV +1)
((You are camouflaged when in or above water. (Stealth+)))
You have tentacles for arms and can constrict up to eight enemies at once.


Message History

A sourceless malevolence fills the Dungeon...
You fall into a shaft and drop 1 floor!
The shaft crumbles and collapses.
A kobold and a rat come into view.
A quokka comes into view.
A kobold comes into view. It is wielding a +0 short sword.
A frilled lizard comes into view.
A bat comes into view.
A bat comes into view.
The frilled lizard hisses angrily.
You see here a sedimented white potion.
a - a sedimented white potion The bat hits you.
* * * LOW HITPOINT WARNING * * *
The bat barely misses you.
Casting: Beastly Appendage (safe; 10% risk of failure)
Confirm with . or Enter, or press ? or * to list all spells.
One of your tentacles grows a vicious spike.
The bat misses you. The bat barely misses you.
You closely miss the bat. Your grab misses the bat.
The bat barely misses you. x2
You closely miss the bat. Your grab misses the bat.
Your tentacle spike misses the bat.
The bat hits you but does no damage. x2
You closely miss the bat. Your grab misses the bat.
Your tentacle spike misses the bat.
The bat hits you but does no damage. x2
You closely miss the bat. Your grab misses the bat.
Your squeeze misses the bat. The bat hits you but does no damage.
The bat closely misses you.
You tentacle-slap the bat. Your grab misses the bat.
The bat is severely wounded.
The bat misses you.
You miss the bat. You grab the bat.
You pierce the bat.
You kill the bat!
The quokka bites you.
* * * LOW HITPOINT WARNING * * *
You tentacle-slap the quokka but do no damage.
Your grab misses the quokka.
You pierce the quokka, but do no damage.
You squeeze the quokka.
The quokka is heavily wounded.
The quokka bites you.
You die...

###### ### #.b..#
...# #....# ....#
##....####.....#
#.....lr@.!#
#.....####......
###...## ###...
#....# #.K.....
##.#.###..#.#.##
#...(......#...
#..####.......#
#..........?..###
#...........#...#


You could see a quokka and a frilled lizard.

Vanquished Creatures
  A dart slug (D:1)
  2 jackals (D:1)
  2 bats
  A frilled lizard (D:1)
  2 kobolds (D:1)
8 creatures vanquished.

Notes
Turn   | Place    | Note
-------+----------+-------------------------------------------
     0 | D:1      | wakim the Octopode Transmuter began the quest for the Orb.
     0 | D:1      | Reached XP level 1. HP: 13/13 MP: 3/3
    19 | D:1      | Found Tekhlur's General Store.
   262 | D:1      | Reached skill level 1 in Stealth
   269 | D:1      | Found a faded altar of an unknown god.
   281 | D:1      | Reached XP level 2. HP: 11/18 MP: 3/5
   325 | D:1      | You fall into a shaft and drop 1 floor!
   352 | D:2      | Slain by a quokka

Illustrated notes

Levels and vault maps discovered:
D:1:      grunt_arrival_crossed_arrows, layout_rooms, serial_shops,
          nicolae_shop_hallway_plus,
          hellmonk_ecumenical_altar_pennies_from_heaven, grunt_decor_clamped,
          fountainhead, item_on_display_a
D:2:      layout_rooms

Skill      XL: |  1  2 |
---------------+-------+-----
Stealth        | 1 2 |  2.1
Fighting       | |  1.0
Dodging        | |  2.0
Unarmed Combat | |  3.2
Spellcasting   | |  2.0
Transmutations | |  2.0

Action                   || total
-------------------------++-------
Melee: Unarmed           ||    27
       Tentacles         ||     5
       Kick              ||     5
       Constrict         ||     4
       Punch             ||     2
 Cast: Beastly Appendage ||     5
 Stab: Sleeping          ||     2
Armor: Skin              ||     8
Dodge: Dodged            ||    20
